Map: [ESL] Gresvan

Players

Kelazhur - Winner!

  • Race: Terran Terran
  • League: Master
  • Spawn Location: 5:00

BabyMarine

  • Race: Terran Terran
  • Spawn Location: 11:00

Event: HomeStory Cup XXIII

VOD

Have the link to the VOD?

Description

Time

  • Played on: June 30, 2023, 6:49 a.m.
  • Length: 17:45

All games in this series

Show
View Real Time Build Order
Export as new Build Order

Kelazhur Terran - Winner!

Build Orders:  

Get SALT Encoding   

  12  0:00  SCV  
  13  0:12  SCV  
  14  0:17  Supply Depot  
  14  0:24  SCV  
  15  0:38  SCV  
  15  0:40  Barracks  
  16  0:43  Refinery  
  16  0:50  SCV  
  16  0:52  Refinery  
  17  1:03  SCV  
  18  1:15  SCV  
  19  1:27  Orbital Command, Barracks Reactor  
  19  1:29  Supply Depot  
  19  1:41  Factory  
  19  1:52  SCV  
  20  1:57  Supply Depot  
  20  2:03  Reaper x2  
  20  2:04  SCV  
  23  2:17  SCV  
  24  2:25  Hellion  
  24  2:29  SCV  
  27  2:35  Reaper x2  
  29  2:41  Command Center  
  29  2:45  SCV  
  29  2:49  Hellion  
  32  2:56  Starport  
  32  3:00  SCV  
  33  3:06  Supply Depot  
  33  3:09  Marine  
  33  3:11  Marine  
  35  3:18  Factory Tech Lab  
  35  3:19  SCV  
  36  3:27  Marine  
  36  3:28  Marine  
  36  3:31  SCV  
  39  3:36  Siege Tank  
  39  3:38  Medivac  
  44  3:45  Marine  
  44  3:46  Marine  
  46  3:50  SCV  
  46  3:54  Orbital Command  
  47  4:02  SCV  
  48  4:06  Marine x2  
  48  4:09  Cyclone  
  53  4:10  Starport Tech Lab  
  53  4:14  SCV  
  54  4:21  SCV  
  54  4:22  Supply Depot  
  51  4:34  Marine  
  51  4:35  Marine  
  51  4:36  SCV  
  53  4:39  SCV  
  53  4:44  Siege Tank  
  50  4:48  SCV  
  50  4:51  SCV  
  50  4:52  Marine x2  
  51  4:55  Raven  
  55  5:00  SCV  
  55  5:03  SCV  
  56  5:11  Command Center  
  56  5:12  Refinery  
  56  5:13  Marine x2, SCV  
  59  5:15  SCV  
  59  5:17  Siege Tank  
  59  5:21  Supply Depot  
  63  5:25  SCV  
  64  5:29  SCV  
  64  5:30  Marine  
  64  5:31  Marine  
  67  5:38  Barracks, SCV  
  67  5:40  Barracks  
  67  5:41  Raven  
  71  5:42  SCV  
  71  5:49  Marine x2  
  73  5:50  SCV  
  74  6:01  Siege Tank  
  74  6:03  SCV  
  78  6:08  Refinery, Supply Depot  
  78  6:10  SCV  
  79  6:20  SCV  
  79  6:22  SCV  
  79  6:24  Supply Depot  
  79  6:25  Orbital Command  
  81  6:26  Starport Reactor  
  81  6:33  Siege Tank  
  81  6:37  SCV, Barracks Reactor  
  81  6:39  Barracks Reactor  
  85  6:40  Marine  
  85  6:46  Barracks x2  
  86  6:47  SCV  
  86  6:49  Engineering Bay, SCV  
  86  6:53  Engineering Bay  
  88  6:56  Orbital Command  
  88  6:57  Marine  
  84  7:02  SCV  
  84  7:05  Siege Tank  
  84  7:09  SCV  
  84  7:13  Medivac x2  
  84  7:14  Stimpack  
  88  7:16  SCV  
  88  7:18  Marine  
  88  7:19  Marine x3  
  88  7:21  SCV x2  
  95  7:25  Supply Depot  
  95  7:26  Refinery  
  95  7:27  Marine  
  95  7:28  SCV  
  97  7:34  SCV x2  
  97  7:36  Marine x2, Barracks Reactor  
  97  7:37  Marine  
  101  7:39  Refinery  
  101  7:40  Terran Infantry Weapons Level 1, SCV  
  103  7:45  Supply Depot  
  103  7:47  Marine x2, Siege Tank  
  103  7:50  Terran Infantry Armor Level 1  
  107  7:55  SCV x3  
  107  7:57  Marine x2  
  112  7:59  Marine x3  
  112  8:04  Marine  
  118  8:06  Supply Depot  
  118  8:07  Liberator, SCV  
  118  8:09  Liberator  
  118  8:10  Marine  
  126  8:12  SCV x2  
  126  8:17  Supply Depot  
  126  8:21  Siege Tank  
  126  8:23  Marine, SCV  
  126  8:25  SCV x2  
  133  8:28  Marine x3  
  133  8:32  Supply Depot  
  133  8:34  Armory  
  135  8:38  Marine  
  135  8:39  Marine x3  
  139  8:43  Marine  
  139  8:47  Marine  
  141  8:48  Marine  
  141  8:49  Marine  
  141  8:50  Medivac  
  141  8:51  Marine  
  141  8:52  Medivac  
  141  8:53  Siege Tank  
  141  8:55  Supply Depot  
  151  8:57  Marine  
  151  8:58  Marine, Combat Shield  
  151  9:01  Marine, Command Center  
  154  9:09  Marine  
  154  9:10  Marine x2  
  154  9:16  Marine x2  
  159  9:18  Sensor Tower  
  159  9:20  Marine, Medivac  
  159  9:21  Marine  
  159  9:22  Medivac  
  165  9:32  Terran Vehicle Weapons Level 1  
  165  9:37  Supply Depot  
  165  9:39  Supply Depot  
  165  9:41  Supply Depot  
  165  9:43  Terran Infantry Weapons Level 2  
  165  9:53  Terran Infantry Armor Level 2  
  165  9:56  Marine, SCV x2  
  165  9:58  Marine x5, Siege Tank  
  173  10:00  Marine x3  
  173  10:01  SCV  
  173  10:03  Viking  
  177  10:08  SCV x2  
  176  10:18  Marine  
  177  10:27  Marine  
  147  10:29  Marine  
  147  10:30  Marine x6, Siege Tank  
  139  10:36  Marine  
  130  10:44  Liberator x2  
  130  10:45  Marine, Planetary Fortress  
  130  10:46  SCV x3  
  130  10:47  Marine x2  
  130  10:48  Marine  
  143  10:50  Marine x3  
  146  10:58  Marine, SCV, Factory  
  146  11:02  Marine, Siege Tank  
  152  11:05  Barracks, Marine  
  152  11:06  Barracks  
  152  11:07  Barracks  
  152  11:08  Sensor Tower  
  152  11:09  Marine x5, Barracks Reactor  
  158  11:12  Missile Turret  
  158  11:13  Missile Turret  
  158  11:16  Marine  
  159  11:23  Marine  
  159  11:24  Marine  
  161  11:27  Marine x4  
  161  11:28  Marine  
  161  11:31  Terran Vehicle Weapons Level 2  
  166  11:33  Marine  
  166  11:35  Siege Tank  
  165  11:41  Marine  
  165  11:42  Marine  
  165  11:45  Marine x6  
  165  11:46  Marine, Siege Tank  
  174  11:50  Liberator  
  174  11:51  Liberator, Marine  
  181  11:59  Marine x2  
  181  12:00  Marine x3  
  186  12:03  Marine x6  
  186  12:06  Marine  
  186  12:07  Siege Tank  
  196  12:09  Marine  
  197  12:16  Terran Infantry Weapons Level 3  
  197  12:17  Marine, Terran Infantry Armor Level 3  
  195  12:25  Siege Tank  
  195  12:29  Marine x2  
  200  12:48  Siege Tank  
  200  12:51  Marine x3  
  188  12:52  Marine  
  188  12:53  Marine  
  193  12:59  Marine x7  
  193  13:05  Barracks Reactor  
  197  13:09  Starport, Refinery  
  197  13:10  Starport x2, Command Center, Refinery  
  197  13:18  Command Center  
  197  13:20  Siege Tank  
  200  13:32  Missile Turret  
  200  13:35  Missile Turret x2  
  200  13:38  Siege Tank  
  200  13:48  Marine x6  
  199  13:59  Terran Vehicle Weapons Level 3  
  197  14:07  Marine  
  191  14:15  Starport Tech Lab  
  191  14:16  Starport Tech Lab x2, Siege Tank x2  
  182  14:18  Medivac x2  
  182  14:20  Marine x6  
  192  14:28  Command Center  
  192  14:29  Planetary Fortress  
  192  14:34  Command Center  
  178  14:48  Siege Tank x2  
  173  14:53  Hi-Sec Auto Tracking  
  173  14:54  Neosteel Armor  
  173  14:55  Marine  
  173  14:58  Raven x3  
  173  14:59  Viking  
  182  15:01  Marine  
  182  15:02  Marine x12  
  192  15:12  Liberator, Marine  
  196  15:19  Marine  
  196  15:20  Marine x3  
  192  15:37  Marine  
  192  15:39  Raven x2  
  192  15:40  Raven, Siege Tank  
  195  15:57  Marine  
  195  16:00  Siege Tank  
  195  16:04  Marine x3  
  197  16:19  Siege Tank  
  197  16:22  Viking  
  197  16:23  Marine, Viking x2  
  197  16:24  Marine x9  
  195  16:29  Marine  
  195  16:30  Marine  
  195  16:31  Marine x2  
  195  16:32  Siege Tank  
  200  16:35  Planetary Fortress  
  200  16:38  Orbital Command x2, Command Center  
  200  16:40  Command Center  
  200  16:41  Command Center  
  193  16:47  Viking x2  
  193  16:51  Siege Tank  
  193  16:52  Viking  
  196  16:54  Missile Turret  
  196  16:55  Marine x3  
  196  16:57  Viking  
  199  17:06  Marine  
  192  17:11  Siege Tank  
  192  17:13  Marine  
  192  17:14  Viking  
  184  17:16  Marine  
  184  17:20  Refinery x2  
  184  17:22  Marine  
Show
View Real Time Build Order
Export as new Build Order

BabyMarine Terran 

Build Orders: Cyclone Opening 

Get SALT Encoding   

  12  0:00  SCV  
  13  0:12  SCV  
  14  0:17  Supply Depot  
  14  0:27  SCV  
  15  0:39  SCV  
  15  0:41  Barracks  
  16  0:44  Refinery  
  16  0:51  SCV  
  17  1:01  Refinery  
  17  1:04  SCV  
  18  1:16  SCV  
  19  1:28  Reaper  
  19  1:29  Orbital Command  
  20  1:34  Supply Depot  
  20  1:45  Factory  
  20  1:55  SCV  
  20  2:00  Reaper  
  22  2:07  SCV  
  23  2:24  Command Center  
  23  2:27  SCV  
  24  2:30  Factory Tech Lab  
  24  2:39  SCV, Barracks Reactor  
  25  2:51  Cyclone  
  28  2:52  SCV  
  28  2:55  Supply Depot  
  29  3:15  Marine  
  29  3:16  Marine  
  29  3:17  Starport  
  29  3:18  SCV  
  31  3:26  Cyclone  
  34  3:31  SCV  
  34  3:33  Marine x2  
  37  3:43  Orbital Command  
  37  3:46  SCV  
  38  3:51  Marine x2  
  38  3:53  Refinery, Supply Depot  
  38  3:55  Starport Tech Lab  
  40  4:00  Siege Tank  
  43  4:07  SCV  
  43  4:08  SCV  
  45  4:10  Marine x2  
  47  4:19  SCV  
  47  4:21  Raven  
  47  4:23  SCV  
  51  4:27  Supply Depot  
  50  4:32  SCV  
  50  4:35  Marine x2, SCV  
  48  4:44  SCV  
  45  4:47  SCV  
  45  4:48  Siege Tank  
  47  4:53  Marine x2  
  47  4:56  SCV  
  47  4:58  Raven  
  47  4:59  SCV  
  53  5:08  SCV  
  53  5:11  Marine x2  
  56  5:18  SCV  
  56  5:20  Command Center  
  57  5:24  Siege Tank  
  57  5:26  SCV  
  61  5:30  SCV  
  61  5:32  Supply Depot  
  61  5:35  Raven  
  64  5:36  Marine  
  64  5:38  Marine  
  64  5:40  SCV  
  67  5:49  SCV  
  68  5:52  SCV  
  68  5:53  Marine  
  68  5:56  Siege Tank  
  70  5:59  Barracks, Supply Depot  
  70  6:03  SCV  
  71  6:04  SCV, Marine  
  71  6:05  Barracks  
  73  6:11  Marine  
  73  6:16  SCV x2  
  74  6:29  Engineering Bay  
  74  6:30  SCV, Engineering Bay  
  74  6:31  Refinery  
  75  6:36  Orbital Command  
  74  6:40  Siege Tank  
  74  6:42  SCV  
  74  6:43  SCV  
  78  6:47  Stimpack, Viking  
  78  6:48  Viking, Barracks Reactor  
  80  6:54  SCV  
  80  6:56  SCV  
  80  6:59  Barracks Reactor  
  80  7:00  Marine  
  78  7:07  SCV  
  78  7:08  SCV  
  77  7:15  Orbital Command  
  76  7:18  Marine  
  76  7:20  Siege Tank  
  79  7:27  Marine x2  
  79  7:28  Barracks  
  79  7:29  Terran Infantry Weapons Level 1  
  81  7:30  Barracks, Supply Depot  
  81  7:33  SCV  
  81  7:34  SCV  
  81  7:35  Marine x2  
  81  7:36  Marine  
  86  7:39  Terran Infantry Armor Level 1  
  86  7:40  SCV  
  87  7:46  SCV  
  87  7:49  Supply Depot x2  
  88  7:52  Viking  
  88  7:53  Marine  
  88  7:54  Viking  
  88  7:55  Marine x2  
  88  7:56  SCV  
  88  7:58  SCV  
  97  8:00  SCV, Marine  
  99  8:06  Siege Tank  
  99  8:08  Marine  
  99  8:11  SCV x2, Marine  
  99  8:12  SCV  
  107  8:15  Barracks Reactor  
  107  8:16  Barracks Reactor  
  107  8:17  Marine  
  108  8:26  Refinery x2  
  108  8:27  Marine, Combat Shield  
  108  8:28  Marine x2  
  108  8:29  Marine  
  108  8:32  SCV x2  
  113  8:34  Viking  
  113  8:38  SCV  
  113  8:40  Command Center  
  115  8:43  Marine  
  115  8:45  Marine x2  
  115  8:46  SCV  
  118  8:50  Sensor Tower  
  118  8:51  Marine x2  
  118  8:52  Marine  
  118  8:53  Marine  
  118  8:54  Marine  
  121  8:57  Marine  
  121  9:00  Armory  
  121  9:01  Marine  
  123  9:04  Siege Tank  
  123  9:05  Supply Depot x3  
  123  9:06  Marine  
  123  9:10  Medivac  
  123  9:12  Marine  
  123  9:16  Medivac  
  125  9:18  Marine x3  
  125  9:21  Marine x4  
  125  9:24  Marine  
  132  9:29  Marine  
  132  9:30  Factory  
  132  9:31  Missile Turret  
  134  9:36  Marine x3  
  134  9:38  Marine, Siege Tank  
  140  9:39  Marine x3  
  139  9:47  Marine  
  139  9:51  SCV x2  
  138  9:53  Marine  
  136  10:03  Marine x2  
  136  10:04  Marine x2  
  136  10:06  Marine  
  136  10:07  Marine  
  137  10:13  Marine x2, Siege Tank  
  141  10:18  Orbital Command  
  130  10:23  SCV  
  130  10:24  Marine x2  
  130  10:25  Marine x2  
  130  10:26  SCV  
  106  10:29  Marine  
  106  10:31  Marine  
  106  10:35  SCV  
  103  10:36  Marine  
  103  10:38  SCV  
  103  10:40  Marine  
  103  10:42  Marine x2  
  104  10:43  Marine  
  104  10:47  SCV  
  106  10:50  SCV  
  106  10:54  SCV  
  106  10:55  Marine x4  
  106  10:59  SCV  
  106  11:00  Barracks Reactor  
  106  11:02  SCV  
  108  11:06  SCV  
  108  11:07  Marine x4  
  112  11:12  SCV x2  
  112  11:18  Siege Tank  
  117  11:22  SCV  
  117  11:23  SCV  
  117  11:24  SCV  
  120  11:26  Marine x3  
  120  11:28  SCV  
  120  11:31  Terran Infantry Weapons Level 2  
  124  11:42  Terran Infantry Armor Level 2  
  124  11:45  SCV x3  
  127  11:52  Siege Tank  
  130  11:55  Marine x7  
  130  11:56  Marine x2  
  130  11:58  SCV x2  
  130  11:59  SCV  
  130  12:00  Refinery  
  142  12:04  Marine, Sensor Tower  
  143  12:10  SCV x2  
  143  12:12  Planetary Fortress  
  145  12:16  Marine x4  
  145  12:17  Marine  
  145  12:19  Marine  
  151  12:26  SCV x2  
  151  12:34  Marine x5  
  156  12:41  SCV x2  
  156  12:42  SCV, Missile Turret  
  159  12:49  Marine  
  139  12:54  Marine x5, Siege Tank x2  
  146  12:59  SCV x2  
  144  13:07  Marine x2  
  144  13:11  SCV x2  
  149  13:13  SCV  
  148  13:22  Sensor Tower  
  148  13:25  Marine x3  
  151  13:33  Marine, Siege Tank x2  
  158  13:39  Viking  
  158  13:40  Marine x4, Viking  
  166  13:41  SCV x3  
  166  13:44  SCV  
  166  13:50  Marine  
  166  13:53  SCV x2  
  166  13:54  SCV  
  169  13:57  Terran Infantry Weapons Level 3  
  169  13:58  SCV  
  169  13:59  Refinery  
  169  14:00  Marine x2  
  169  14:02  Marine  
  172  14:07  SCV  
  166  14:11  SCV  
  166  14:15  Barracks Reactor  
  159  14:19  Siege Tank, Supply Depot  
  159  14:20  Barracks Reactor  
  159  14:21  Marine, Supply Depot  
  159  14:23  SCV  
  164  14:24  SCV x2, Siege Tank  
  164  14:25  Medivac  
  171  14:32  Sensor Tower, Refinery  
  171  14:34  Refinery  
  171  14:38  SCV  
  171  14:41  SCV x3, Medivac  
  171  14:45  Marine  
  171  14:49  Marine x2  
  171  14:50  SCV  
  158  14:53  SCV, Marine  
  158  14:54  Marine x2  
  158  14:56  Siege Tank  
  158  14:58  SCV  
  161  15:06  Marine  
  156  15:08  Marine x2  
  156  15:10  Marine  
  156  15:11  Marine x6, Siege Tank  
  164  15:16  SCV  
  164  15:19  Terran Vehicle Weapons Level 1  
  165  15:24  Marine  
  165  15:26  Marine x2  
  165  15:28  Marine  
  167  15:29  Marine  
  167  15:33  SCV  
  164  15:38  Siege Tank  
  164  15:46  Command Center  
  164  15:47  Marine  
  164  15:48  Marine x2  
  164  15:49  Marine  
  168  15:54  Marine  
  162  15:59  Marine  
  153  16:05  Marine  
  154  16:21  Marine  
  143  16:29  Marine x2  
  143  16:30  Marine x7, Siege Tank x2  
  130  16:40  Marine  
  130  16:47  Marine x2  
  128  16:52  Marine  
  133  16:54  Medivac x2  
  135  17:04  Marine  
  135  17:07  Marine  
  128  17:19  Marine  
Tags
 
Add a new tag
Caveats
  • Supply blocks, unpowered buildings, or Contaminate may cause inaccurate times.
  • Supply counts are checked every 10 seconds.